 Dungeon Crawl Stone Soup version 0.23.0 (webtiles) character file.

Game seed: 2547807216944959275

278 Borgoz the Sneak (level 6, -1/44 (45) HPs)
             Began as a Ghoul Enchanter on Feb 17, 2019.
             Slain by an iguana (7 damage)
             ... on level 4 of the Dungeon.
             The game lasted 00:10:33 (5142 turns).

Borgoz the Sneak (Ghoul Enchanter)                  Turns: 5142, Time: 00:10:34

HP:   -1/44 (45)    AC:  7    Str: 12    XL:     6   Next: 26%
MP:   7/7           EV: 10    Int: 10    God:
Gold: 152           SH:  0    Dex: 16    Spells: 7/8 levels left

rFire    . . .     SeeInvis .   a - +1 dagger
rCold    + . .     Gourm    .   (no shield)
rNeg     + + +     Faith    .   c - +0 scale mail
rPois    ∞         Spirit   .   (no helmet)
rElec    .         Reflect  .   q - +0 cloak
rCorr    .         Harm     .   (no gloves)
MR       .....                  (no boots)
Stlth    ++........             (no amulet)
HPRegen  0.00/turn              (no ring)
MPRegen  0.10/turn              v - +5 ring of dexterity

@: rotting
A: rotting body, claws 1, carnivore, cold resistance 1, negative energy
resistance 3, inhibited regeneration, torment resistance, unbreathing
a: no special abilities


You were on level 4 of the Dungeon.
You were not hungry.

You visited 1 branch of the dungeon, and saw 4 of its levels.

You collected 152 gold pieces.

Inventory:

Hand Weapons
 a - a +1 dagger (weapon)
Armour
 b - a +0 robe
 c - a +0 scale mail (worn)
 q - a +0 cloak (worn)
Jewellery
 m - an uncursed ring of flight
 t - an uncursed ring of ice
 v - a +5 ring of dexterity (right claw)
Scrolls
 e - 2 scrolls of remove curse
 k - a scroll of random uselessness {unknown}
 o - a scroll of magic mapping {unknown}
 s - a scroll of amnesia {unknown}
 x - 2 scrolls of enchant weapon {unknown}
Potions
 l - 2 potions of flight
Comestibles
 d - 4 rations


   Skills:
 + Level 3.1 Short Blades
 + Level 3.6 Dodging
 + Level 5.3 Stealth
 - Level 1.7 Spellcasting
 - Level 2.4 Hexes


You had 7 spell levels left.
You knew the following spells:

 Your Spells              Type           Power        Failure   Level  Hunger
a - Corona                Hex            #......      54%         1    ##.....

Your spell library contained the following spells:

 Spells                   Type           Power        Failure   Level  Hunger
 Ensorcelled Hibernation  Hex/Ice        #.....       86%         2    ###....
 Confuse                  Hex            #.......     89%         3    ####...
 Tukima's Dance           Hex            #.......     89%         3    ####...
 Dazzling Spray           Conj/Hex       #.....       97%         3    ####...


Dungeon Overview and Level Annotations

Branches:
Dungeon (4/15)
 Temple: D:4-7

Altars:
Fedhas
Makhleb
Okawaru
Qazlal
Vehumet
Xom
The Shining One


Innate Abilities, Weirdness & Mutations

Your body is rotting away.
You thrive on raw meat.
You are immune to poison.
You have sharp fingernails.
You are carnivorous and can eat meat at any time.
Your flesh is cold resistant. (rC+)
You are immune to negative energy. (rN+++)
You do not regenerate when monsters are visible.
You are immune to unholy pain and torment.
You can survive without breathing.


Message History

The iguana bites you.
You hit the iguana but do no damage.
The iguana is heavily wounded.
The iguana bites you!
You hit the iguana.
The iguana is severely wounded.
The iguana bites you.
You hit the iguana but do no damage.
The iguana is severely wounded.
Your scale mail prevents you from hitting the iguana.
The iguana is severely wounded.
The iguana bites you.
You hit the iguana.
The iguana is severely wounded.
The iguana bites you!
* * * LOW HITPOINT WARNING * * *
Your scale mail prevents you from hitting the iguana.
The iguana is severely wounded.
The iguana bites you!
You die...

#####
###.#.... ...
#.#.... #.#
..#>... #.#
.###.... #.#
.. #.... #.#
#### #.... #.#
.....#+#+#....
#.##..#
.......$Z..
#.@l..#
.......<#
####.##
........# ..
........#
#..........
....W....
..........
#.......##
#.....#.#


You could see an iguana.

Vanquished Creatures
  An orc priest (D:4)
  A bullfrog skeleton (D:4)
  A worker ant (D:4)
  4 gnolls
  6 adders
  2 oozes (D:2)
  3 worms
  2 leopard geckos
  7 orcs
  A ball python (D:1)
  7 bats
  3 giant cockroaches
  6 goblins
  11 hobgoblins
  7 jackals
  7 kobolds
  3 quokkas (D:3)
  3 frilled lizards
  7 rats
82 creatures vanquished.

Notes
Turn   | Place    | Note
-------+----------+-------------------------------------------
     0 | D:1      | Borgoz the Ghoul Enchanter began the quest for the Orb.
     0 | D:1      | Reached XP level 1. HP: 14/14 MP: 2/2
    35 | D:1      | Reached skill level 1 in Short Blades
   165 | D:1      | Reached XP level 2. HP: 15/20 MP: 3/3
   540 | D:1      | Reached XP level 3. HP: 26/26 MP: 4/4
   586 | D:2      | Found a stormy altar of Qazlal.
   918 | D:2      | Reached skill level 4 in Stealth
  1425 | D:1      | Reached XP level 4. HP: 32/33 MP: 5/5
  2197 | D:3      | Found a glowing golden altar of the Shining One.
  2239 | D:3      | Found a radiant altar of Vehumet.
  3096 | D:3      | Reached XP level 5. HP: 29/37 MP: 6/6
  3229 | D:3      | Found an iron altar of Okawaru.
  3598 | D:3      | Found a shimmering altar of Xom.
  3883 | D:3      | Found a burning altar of Makhleb.
  3883 | D:3      | Found a blossoming altar of Fedhas.
  3927 | D:4      | Noticed a phantom
  3927 | D:4      | Noticed a phantom
  4568 | D:4      | Reached skill level 5 in Stealth
  4622 | D:4      | Reached XP level 6. HP: 3/45 MP: 7/7
  5142 | D:4      | Slain by an iguana

Skill      XL: |  1  2  3  4  5 |
---------------+----------------+-----
Short Blades   | 1 2 3 |  3.1
Dodging        | 2 3 |  3.6
Stealth        | 4 5 |  5.3
Spellcasting   | |  1.7
Hexes          | |  2.4

Action                   |  1- 3 |  4- 6 || total
-------------------------+-------+-------++-------
Melee: Dagger            |   192 |   391 ||   583
 Cast: Corona            |     1 |     1 ||     2
  Use: Scroll            |       |    10 ||    10
       Potion            |       |     5 ||     5
 Stab: Sleeping          |     1 |       ||     1
       Invisible         |       |     2 ||     2
  Eat: Chunk             |     6 |    18 ||    24
Armor: Scale mail        |   110 |   154 ||   264
       Robe              |     2 |       ||     2
Dodge: Dodged            |   111 |   144 ||   255
